 Dungeon Crawl Stone Soup version 0.30-a0-743-gbfdf073431 (webtiles) character file.

Game seed: 16232214482849478671

291 gelatine the Insei (level 6, -5/35 (39) HPs)
             Began as an Octopode Transmuter on Feb 5, 2023.
             Was a Believer of Sif Muna.
             Slain by a gnoll
             ... wielding a +0 whip
              (9 damage)
             ... on level 4 of the Dungeon.
             The game lasted 00:12:47 (3305 turns).

gelatine the Insei (Octopode Transmuter)            Turns: 3305, Time: 00:12:48

HP:   -5/35 (39)    AC:  1    Str:  9    XL:     6   Next: 32%
MP:   8/10          EV: 13    Int: 17    God:    Sif Muna [**....]
Gold: 184           SH:  0    Dex: 13    Spells: 2/10 levels left

rFire   + . .      SeeInvis .    y - +0 dagger of Defaoqis {freeze, rPois rF+ rN+}
rCold   . . .      Faith    .    (no shield)
rNeg    + . .      Spirit   .    (helmet currently unavailable)
rPois   +          Reflect  .    v - amulet of the acrobat
rElec   .          Harm     .    (no ring)
rCorr   .          Rampage  .    (no ring)
Will    .....                    (no ring)
Stlth   +++                      (no ring)
HPRegen 0.25/turn                (no ring)
MPRegen 0.12/turn                (no ring)
                                 (no ring)
                                 (no ring)

@: appendages, wereblooded, heavily drained
A: tentacle spike 3, almost no armour, amphibious, 8 rings, camouflage 1,
gelatinous body 1, (nimble swimmer 1), tentacles
a: End Transformation, Renounce Religion, Channel Magic


You were on level 4 of the Dungeon.
You worshipped Sif Muna.
Sif Muna was pleased with you.
One of your tentacles had grown a beastly spike.
You visited 1 branch of the dungeon, and saw 4 of its levels.
You also visited: Ossuary.

You collected 184 gold pieces.

Inventory:

Hand Weapons
 o - a +2 dagger of speed
 w - a +0 dagger of venom
 y - the +0 dagger of Defaoqis (weapon) {freeze, rPois rF+ rN+}
   (You found it on level 4 of the Dungeon)

   rF:        It protects you from fire.
   rPois:     It protects you from poison.
   rN:        It protects you from negative energy.
Missiles
 g - 5 boomerangs
 j - a throwing net
 n - 12 poisoned darts
Armour
 f - a +1 hat (melded)
Jewellery
 v - an amulet of the acrobat (around mantle)
Scrolls
 c - 5 scrolls of teleportation {unknown}
 h - 4 scrolls of identify {unknown}
 i - 3 scrolls of amnesia {unknown}
 k - a scroll of enchant weapon {unknown}
 m - 2 scrolls of blinking {unknown}
 p - a scroll of noise {unknown}
 s - a scroll of fear {unknown}
 t - 4 scrolls of immolation {unknown}
 u - 2 scrolls of poison {unknown}
 x - a scroll of fog {unknown}
Potions
 a - 3 potions of lignification
 b - a potion of haste {unknown}
 d - 3 potions of heal wounds
 e - 5 potions of flight {unknown}
 l - 3 potions of curing
 q - 3 potions of mutation {unknown}
 r - a potion of might {unknown}
 z - a potion of invisibility {unknown}
 A - a potion of brilliance {unknown}


   Skills:
 * Level 2.2 Fighting
 * Level 0.6 Short Blades
 + Level 0.2 Throwing
 * Level 2.8 Dodging
 * Level 2.9 Stealth
 + Level 4.0 Unarmed Combat
 + Level 2.8 Spellcasting
 * Level 0.2 Translocations
 * Level 3.4 Transmutations
 * Level 0.4 Poison Magic
 * Level 0.1 Invocations


You had 2 spell levels left.
You knew the following spells:

 Your Spells              Type           Power      Damage    Failure   Level
a - Beastly Appendage     Tmut           28%        N/A       4%          1
b - Wereblood             Tmut           14%        N/A       7%          2
c - Spider Form           Tmut/Pois      8%         N/A       24%         3
d - Blink                 Tloc           6%         N/A       26%         2

Your spell library contained the following spells:

 Spells                   Type           Power      Damage    Failure   Level
 Lesser Beckoning         Tloc           6%         N/A       26%         2
 Momentum Strike          Conj/Tloc      4%         3d8       26%         2
 Ice Form                 Ice/Tmut       8%         N/A       65%         4


Dungeon Overview and Level Annotations

Branches:
Dungeon (4/15)            Ossuary (visited)
 Temple: D:4-7

Altars:
Cheibriados
Qazlal
Sif Muna
Vehumet

Shops:
D:1 !


Innate Abilities, Weirdness & Mutations

One of your tentacles has grown a beastly spike.
You cannot wear most types of armour.
You are amphibious.
You can wear up to eight rings at the same time.
Your skin changes colour to match your surroundings (Stealth+).
Your rubbery body absorbs attacks. (AC +1, EV +1)
((You are camouflaged when in or above water. (Stealth+)))
You have tentacles for arms and can constrict up to eight enemies at once.


Message History

A gnoll comes into view. It is wielding a +0 whip.
Found a scroll labelled MONNEI FIFUS. 2 gnolls come into view.
Found a stone staircase leading up.
One of your tentacles grows a vicious spike.
Your +1 hat melds into your body.
Casting: Beastly Appendage (safe; 4% risk of failure)
Confirm with . or Enter, or press ? or * to list all spells.
Your blood is infused with primal strength.
The gnoll shouts! x2
The gnoll shouts!
The gnoll completely misses you. The gnoll completely misses you.
The gnoll closely misses you. x2
You barely miss the gnoll. You grab the gnoll.
You constrict the gnoll, but do no damage.
The gnoll hits you with a +0 spear! The gnoll barely misses you.
The gnoll hits you with a +0 spear.
You hit the gnoll. You freeze the gnoll. Your grab misses the gnoll.
You pierce the gnoll.
You squeeze the gnoll.
The gnoll is severely wounded.
You constrict the gnoll. The gnoll barely misses you. x2
The gnoll hits you with a +0 spear.
You hit the gnoll but do no damage. You grab the gnoll.
You constrict the gnoll, but do no damage.
You constrict the gnoll. The gnoll hits you with a +0 spear.
The gnoll hits you with a +0 whip!
* * * LOW HITPOINT WARNING * * *
The gnoll barely misses you.
You release your grip on the gnoll. x2; The gnoll attacks as you move away!
The gnoll hits you with a +0 spear.
* * * LOW HITPOINT WARNING * * *
The gnoll closely misses you. The gnoll completely misses you.
You closely miss the gnoll. You grab the gnoll.
You pierce the gnoll.
You squeeze the gnoll.
The gnoll is moderately wounded.
You constrict the gnoll.
The gnoll hits you from afar with a +0 spear.
* * * LOW HITPOINT WARNING * * *
The gnoll hits you with a +0 whip!
You die...

........###..........#
#.......##.....##....#
#........+...†.##....#
#.###.####.....#####.#
#.# ..# #.....#####.#
#.. ## #...........#
#[. #..........<# #..
######.g.g..# #...
#.@.g..# #......#
#......# ########


You could see 3 gnolls.

Vanquished Creatures
  A bullfrog (D:4)
  Terence (D:2)
  A mummy (Ossuary)
  3 gnolls (D:3)
  An adder (D:3)
  3 worms (D:2)
  9 orcs
  4 spectral bats (Ossuary)
  8 ball pythons
  5 endoplasms
  4 giant cockroaches
  13 goblins
  5 hobgoblins
  2 jackals (D:1)
  5 kobolds
  4 quokkas
  8 bats
  3 bat simulacra (Ossuary)
  5 frilled lizards
  12 gnoll zombies (Ossuary)
  4 goblin simulacra (Ossuary)
  2 goblin zombies (Ossuary)
  7 hobgoblin zombies (Ossuary)
  4 kobold simulacra (Ossuary)
  6 kobold zombies (Ossuary)
  3 orc zombies (Ossuary)
  A quokka zombie (D:4)
  9 rats
  4 rat simulacra (Ossuary)
  A rat zombie (D:4)
  4 spectral goblins (Ossuary)
  2 spectral kobolds (Ossuary)
144 creatures vanquished.

Notes
Turn   | Place    | Note
-------+----------+-------------------------------------------
     0 | D:1      | gelatine the Octopode Transmuter began the quest for the
                  | Orb.
     0 | D:1      | Reached XP level 1. HP: 13/13 MP: 3/3
   203 | D:1      | Reached XP level 2. HP: 16/18 MP: 3/5
   255 | D:1      | Found Waofaqum's Distillery.
   764 | D:2      | Reached XP level 3. HP: 23/23 MP: 4/6
   794 | D:2      | Learned a level 2 spell: Wereblood
   798 | D:2      | Learned a level 3 spell: Spider Form
   944 | D:2      | Noticed Terence
   954 | D:2      | Killed Terence
   955 | D:2      | Reached skill level 1 in Stealth
  1026 | D:2      | Reached XP level 4. HP: 26/28 MP: 4/7
  1046 | D:2      | Identified the +1 ring mail of the Spheres {Str+6}
  1539 | D:2      | You fall into a shaft and drop 1 floor!
  1636 | D:3      | Reached XP level 5. HP: 23/34 MP: 5/8
  2355 | D:3      | Found a radiant altar of Vehumet.
  2361 | D:3      | Learned a level 2 spell: Blink
  2371 | D:3      | Found a shimmering blue altar of Sif Muna.
  2374 | D:3      | Became a worshipper of Sif Muna the Loreminder
  2609 | D:4      | Identified the +0 dagger of Defaoqis {freeze, rPois rF+
                  | rN+}
  2626 | D:4      | Reached skill level 4 in Unarmed Combat
  2626 | D:4      | Reached XP level 6. HP: 31/39 MP: 8/10
  2627 | D:4      | Found a sand-covered staircase.
  2779 | Ossuary  | Entered an ossuary
  2881 | Ossuary  | Reached * piety under Sif Muna
  3088 | Ossuary  | Reached ** piety under Sif Muna
  3266 | D:4      | Found a stormy altar of Qazlal.
  3267 | D:4      | Found a snail-covered altar of Cheibriados.
  3305 | D:4      | Slain by a gnoll

Illustrated notes

Levels and vault maps discovered:
D:1:      ncdulo_smallfort, layout_basic, serial_shops, shop
D:2:      layout_basic, grunt_decor_arrowhead, minmay_goblin_outpost,
          uniq_terence
D:3:      layout_basic, mainiacjoe_overflow_swirl
D:4:      layout_basic, gammafunk_temple_overflow_statue, enter_ossuary_4,
          uniq_blork_the_orc

Skill      XL: |  1  2  3  4  5 |
---------------+----------------+-----
Stealth        | 1 2 |  2.9
Transmutations | 3 |  3.4
Fighting       | 2 |  2.2
Unarmed Combat | 4 |  4.0
Short Blades   | |  0.6
Throwing       | |  0.2
Dodging        | |  2.8
Spellcasting   | |  2.8
Translocations | |  0.2
Poison Magic   | |  0.4
Invocations    | |  0.1

Action                     |  1- 3 |  4- 6 || total
---------------------------+-------+-------++-------
  Melee: Unarmed           |    61 |    52 ||   113
         Kick              |    14 |    65 ||    79
         Constrict         |    15 |    63 ||    78
         Tentacles         |     9 |    44 ||    53
         Dagger            |       |   170 ||   170
         Punch             |       |     5 ||     5
  Throw: Boomerang         |       |     1 ||     1
   Cast: Beastly Appendage |    17 |    29 ||    46
         Wereblood         |     2 |    15 ||    17
         Spider Form       |     2 |     1 ||     3
    Use: Potion            |       |     1 ||     1
   Stab: Sleeping          |     4 |    11 ||    15
 Armour: Skin              |     3 |    28 ||    31
  Dodge: Dodged            |    42 |   138 ||   180

Table legend: (Time is in decaauts)
 A = Elapsed time spent in this place.
 B = Non-inter-level travel time spent in this place.
 C = Inter-level travel time spent in this place.
 D = Time resting spent in this place.
 E = Time spent auto-exploring this place.
 F = Levels seen in this place.
 G = Mean time per level.
                   A        B        C        D        E       F      G
               +--------+--------+--------+--------+--------+-----+--------+
         Total |   3275 |   3134 |    141 |      0 |   2110 |   5 |  655.0 |
       Dungeon |   2842 |   2701 |    141 |      0 |   1974 |   4 |  710.5 |
       Ossuary |    433 |    433 |      0 |      0 |    136 |   1 |  433.0 |
               +--------+--------+--------+--------+--------+-----+--------+

Top non-repeatable levels by time:
     D:3: 864 daAuts
     D:2: 776 daAuts
     D:1: 751 daAuts
     D:4: 449 daAuts
 Ossuary: 433 daAuts
